 Dungeon Crawl Stone Soup version 0.26-a0-497-g0187308201 (webtiles) character file.

Game seed: 12728547334912335916

699 MrRokkomies the Skirmisher (level 7, -13/61 HPs)
             Began as a Demigod Delver on Aug 6, 2020.
             Mangled by a two-headed ogre
             ... wielding a +0 giant spiked club
              (33 damage)
             ... on level 6 of the Dungeon.
             The game lasted 00:08:39 (6302 turns).

MrRokkomies the Skirmisher (Demigod Delver)         Turns: 6302, Time: 00:08:39

Health: -13/61     AC:  6    Str: 16    XL:     7   Next: 15%
Magic:  9/9        EV: 11    Int: 14    God:
Gold:   329        SH:  0    Dex: 17    Spells: 6/6 levels left

rFire    . . .     SeeInvis .   a - +5 dagger "Xuovof" {flame, rN++ Str-3}
rCold    . . .     Faith    .   (no shield)
rNeg     + + .     Spirit   .   l - +0 ring mail
rPois    .         Reflect  .   q - +0 helmet
rElec    .         Harm     .   (no cloak)
rCorr    .                      (no gloves)
MR       +....                  (no boots)
Stlth    ++........             (no amulet)
HPRegen  0.20/turn              v - ring of protection from magic
MPRegen  0.11/turn              C - ring of wizardry

@: no status effects
A: high mp 1
a: no special abilities


You were on level 6 of the Dungeon.
You visited 1 branch of the dungeon, and saw 6 of its levels.
You also visited: Sewer.

You collected 329 gold pieces.

Inventory:

Hand Weapons
 a - the +5 dagger "Xuovof" (weapon) {flame, rN++ Str-3}
   (You found it on level 4 of the Dungeon)

   It has been specially enchanted to burn those struck by it, causing extra
   injury to most foes and up to half again as much damage against particularly
   susceptible opponents.
   It affects your strength (-3).
   It greatly protects you from negative energy.
 b - a +0 hunting sling of flaming
 i - a +1 falchion
Missiles
 f - 8 poisoned darts (quivered)
 j - 22 sling bullets
 n - 194 stones
 p - 96 bolts
 A - 8 datura-tipped darts
 E - a throwing net
Armour
 l - a +0 ring mail (worn)
 q - a +0 helmet (worn)
 t - a +0 leather armour
Magical Staves
 D - an uncursed staff of cold
Jewellery
 s - an uncursed ring of fire
 v - a ring of protection from magic (left hand)
 C - a ring of wizardry (right hand)
Wands
 d - a wand of random effects (5)
 g - a wand of digging (3)
 y - a wand of iceblast (11)
Scrolls
 c - 5 scrolls of fog
 e - a scroll of fear
 o - 2 scrolls of teleportation
 r - 2 scrolls of remove curse
 F - a scroll of identify
Potions
 h - 2 potions of brilliance
 k - 3 potions of invisibility
 m - a potion of heal wounds
 u - 4 potions of curing
 w - a potion of mutation
 x - a potion of stabbing {unknown}
 z - a potion of lignification {unknown}
 B - a potion of magic {unknown}


   Skills:
 * Level 5.4 Fighting
 * Level 4.9 Long Blades
 + Level 3.0 Armour
 - Level 1.7 Dodging
 - Level 4.5 Stealth


You had 6 spell levels left.
You didn't know any spells.
Your spell library was empty.

Dungeon Overview and Level Annotations

Branches:
Dungeon (6/15)              Sewer (visited)
 Temple: D:4-7


Innate Abilities, Weirdness & Mutations

You have an increased reservoir of magic. (+10% MP)


Message History

Okay, then.
Unknown command.
Throwing (i - inventory. (/) - cycle)
f - 10 poisoned darts (quivered)
Press: ? - help, Shift-Dir - straight line, f - two-headed ogre
Aim: a two-headed ogre, wielding two +0 giant spiked clubs (severely wounded)
You throw a poisoned dart.
The poisoned dart hits the two-headed ogre.
The two-headed ogre is poisoned.
The two-headed ogre is severely wounded.
The two-headed ogre hits you with a +0 giant spiked club! x2
Unknown command.
Throwing (i - inventory. (/) - cycle)
f - 9 poisoned darts (quivered)
Press: ? - help, Shift-Dir - straight line, f/p - two-headed ogre
Aim: a two-headed ogre, wielding two +0 giant spiked clubs (severely wounded, poisoned)
You throw a poisoned dart.
The poisoned dart hits the two-headed ogre.
The two-headed ogre is severely wounded.
The two-headed ogre hits you with a +0 giant spiked club!!
Ouch! That really hurt!
You die...

## ..#
...........#... ...
...............#.<.
...
...#####......#...
#.#
#....##......#...
#..
#...##....###...
#.# #..####'####>..
#.#.#..#..........
##:###.†..........
#@#.#.#...........
#O###..#...(.......
#..
#...#.....##....
..###.###......#
.... ... ...
..#....# ... ....
... ..##....#
........ .....
....... . ..Z.


You could see a two-headed ogre (poisoned).

Vanquished Creatures
  An ice beast (D:6)
  A phantom (D:5)
  A crocodile (Sewer)
  A centaur (D:5)
  2 hounds (D:5)
  An orc priest (D:3)
  A worker ant (D:4)
  A hound skeleton (D:4)
  5 gnolls
  11 adders
  A shadow imp (D:4)
  2 worms (D:2)
  A dart slug (D:1)
  2 leopard geckos
  6 orcs
  A ball python (D:1)
  5 giant cockroaches
  5 goblins
  4 hobgoblins
  11 jackals
  3 quokkas
  2 bats (D:1)
  4 frilled lizards
  10 kobolds
  3 quokka skeletons
  8 rats
93 creatures vanquished.

Notes
Turn   | Place    | Note
-------+----------+-------------------------------------------
     0 | D:5      | MrRokkomies the Demigod Delver began the quest for the Orb.
     0 | D:5      | Reached XP level 1. HP: 18/18 MP: 3/3
     9 | D:5      | Found an ornate altar of the Wu Jian Council.
    10 | D:5      | Found a sacrificial altar of Ru.
    12 | D:5      | Found a hide-covered altar of Uskayaw.
    14 | D:5      | Found a burning altar of Makhleb.
    15 | D:5      | Found a stormy altar of Qazlal.
    18 | D:5      | Noticed a hound
    42 | D:4      | Found a basalt altar of Yredelemnul.
   119 | D:3      | Found a glowing drain.
   146 | Sewer    | Entered a sewer
   433 | Sewer    | Noticed a crocodile
   441 | Sewer    | Killed a crocodile
   441 | Sewer    | Reached skill level 3 in Fighting
   441 | Sewer    | Reached skill level 1 in Armour
   441 | Sewer    | Reached XP level 2. HP: 14/26 MP: 4/4
   441 | Sewer    | Reached XP level 3. HP: 17/31 MP: 5/5
   441 | Sewer    | Reached XP level 4. HP: 21/39 MP: 6/6
  2232 | D:1      | Reached skill level 4 in Fighting
  2732 | D:1      | Reached XP level 5. HP: 46/46 MP: 7/7
  2974 | D:3      | Found a hazy altar of Hepliaklqana.
  3017 | D:3      | Found an opulent altar of Gozag.
  4313 | D:4      | Reached XP level 6. HP: 53/53 MP: 8/8
  4323 | D:4      | Got a smoking dagger
  4324 | D:4      | Identified the +5 dagger "Xuovof" {flame, rN++ Str-3} (You
                  | found it on level 4 of the Dungeon)
  4373 | D:4      | You fall into a shaft and drop 2 floors!
  5449 | D:5      | Found a blossoming altar of Fedhas.
  5603 | D:5      | Reached skill level 5 in Fighting
  5649 | D:5      | Reached XP level 7. HP: 14/61 MP: 9/9
  6205 | D:5      | Found a shimmering blue altar of Sif Muna.
  6294 | D:6      | Noticed a two-headed ogre
  6302 | D:6      | Mangled by a two-headed ogre

Illustrated notes

Levels and vault maps discovered:
D:1:      minmay_arrival_four_houses, layout_basic, minivault_11
D:2:      layout_loops_ring, grunt_ministairs_7
D:3:      layout_basic, nicolae_gozag_seed_capital, lemuel_doored_altar,
          gup_sewer_entry_glass
D:4:      layout_basic, minivault_23, yredelemnul_altar_generic
D:5:      layout_gridville, old_standard_altar, lemuel_crystal_altar,
          grunt_temple_overflow_open
D:6:      minmay_chambers_of_threes, layout_gridville,
          overflow_temple_1_default, vehumet_crystals, minivault_26,
          minmay_manual_mail, uniq_maggie

Skill      XL: |  1  2  3  4  5  6  7 |
---------------+----------------------+-----
Long Blades    | 2 3 4 |  4.9
Fighting       | 3 4 5 |  5.4
Armour         | 1 2 3 |  3.0
Dodging        | |  1.7
Stealth        | |  4.5

Action                   |  1- 3 |  4- 6 |  7- 9 || total
-------------------------+-------+-------+-------++-------
Melee: Falchion          |    22 |   124 |       ||   146
       Dagger            |       |    53 |    34 ||    87
 Fire: Hunting sling     |       |   105 |       ||   105
Throw: Dart              |       |       |     2 ||     2
Evoke: Wand              |     2 |     1 |       ||     3
  Use: Scroll            |     1 |    13 |       ||    14
       Potion            |     1 |       |     1 ||     2
 Stab: Sleeping          |       |     6 |     1 ||     7
Armor: Leather armour    |     7 |     6 |       ||    13
       Ring mail         |       |    55 |    10 ||    65
Dodge: Dodged            |    23 |   130 |    23 ||   176
       Rpst.: Falchion   |    11 |    22 |       ||    33

Table legend: (Time is in decaauts)
 A = Elapsed time spent in this place.
 B = Non-inter-level travel time spent in this place.
 C = Inter-level travel time spent in this place.
 D = Time resting spent in this place.
 E = Time spent auto-exploring this place.
 F = Levels seen in this place.
 G = Mean time per level.
                   A        B        C        D        E       F      G
               +--------+--------+--------+--------+--------+-----+--------+
         Total |   6320 |   5964 |    356 |   1540 |   3512 |   7 |  902.9 |
       Dungeon |   5850 |   5494 |    356 |   1193 |   3512 |   6 |  975.0 |
         Sewer |    469 |    469 |      0 |    346 |      0 |   1 |  469.0 |
               +--------+--------+--------+--------+--------+-----+--------+

Top non-repeatable levels by time:
     D:2: 1465 daAuts
     D:3: 1294 daAuts
     D:4: 1211 daAuts
     D:5: 945 daAuts
     D:1: 838 daAuts
   Sewer: 469 daAuts
     D:6: 95 daAuts
